 Dungeon Sprint DCSS version 0.31-a0-986-g5e6e4ef867 (webtiles) character file.

Game seed: 986210291244320957

26813 sircluck the Brawler (level 13, -1/154 HPs)
             Began as a Troll Berserker on Nov 17, 2023.
             Was the Champion of Trog.
             Killed from afar by Aizul (19 damage)
             ... with a bolt of poison
             ... in the Dungeon (Sprint IX: "|||||||||||||||||||||||||||||").
             The game lasted 00:06:12 (2338 turns).

sircluck the Brawler (Troll Berserker)              Turns: 2338, Time: 00:06:14

Health: -1/154     AC: 14    Str: 32    XL:     13   Next: 1%
Magic:  12/12      EV: 14    Int:  3    God:    Trog [******]
Gold:   1906       SH: 15    Dex: 15    Spells: 12/12 levels left

rFire   x .          .
                       - Unarmed
rCold   + + .        z - +1 tower shield
rNeg    . . .        y - +1 ice dragon scales
rPois   .            (helmet restricted)
rElec   .            (no cloak)
rCorr   .            (gloves unavailable)
SInv    .            (boots unavailable)
Will    .....        (no amulet) Stlth
                     j - +3 ring of dexterity
HPRegen 1.25/turn    k - +3 ring of dexterity
MPRegen 0.13/turn

%: no teleportation
@: lethally poisoned (-1 -> -10), studying Dodging
A: large, unfitting armour, claws 3, regeneration 1, shaggy fur 1, tough skin 1
a: Renounce Religion, Berserk, Trog's Hand, Brothers in Arms


You were in the Dungeon.
You worshipped Trog.
Trog was exalted by your worship.
You visited 1 branch You collected 1929 gold pieces.
You spent 23 gold pieces at shops.

Inventory:

Missiles
 s - 3 throwing nets
 B - 9 large rocks
Armour
 a - a +0 animal skin
 x - +1 fire dragon scales
 y - +1 ice dragon scales (worn)
 z - a +1 tower shield (worn)
Jewellery
 j - a +3 ring of dexterity (left claw)
 k - a +3 ring of dexterity (right claw)
 n - an amulet of magic regeneration
 t - a ring of see invisible
 u - a ring of willpower
 v - a ring of protection from cold
 w - a ring of ice
Wands
 i - a wand of light (21)
Scrolls
 g - a scroll of blinking
 o - 3 scrolls of identify
 p - 2 scrolls of enchant armour
 q - 4 scrolls of enchant weapon
 r - 3 scrolls of fear
 A - a scroll of fog
Potions
 b - 5 potions of curing
 c - 7 potions of heal wounds
 d - 2 potions of haste
 e - 4 potions of magic
 f - 2 potions of berserk rage
 h - a potion of invisibility
 l - a potion of might
 m - 2 potions of mutation


   Skills:
 + Level 16.8 Fighting
 + Level 5.2 Armour
 + Level 17.5 Dodging
 + Level 5.8 Shields
 + Level 19.4 Unarmed Combat


You had 12 spell levels left.
You didn't know any spells.
Your spell library was empty.

Dungeon Overview and Level Annotations

Branches:
Dungeon (1/1)

Altars:
Cheibriados
Dithmenos
Elyvilon
Fedhas
Gozag
Hepliaklqana
Kikubaaqudgha
Makhleb
Nemelex Xobeh
Okawaru
Qazlal
Ru
Sif Muna
Trog
Uskayaw
Vehumet
Wu Jian
Xom
Yredelemnul
Zin
The Shining One
Jiyva
Lugonu

Shops:
D =*=*

Annotations:
D Aizul


Innate Abilities, Weirdness & Mutations

You are too large for most types of armour.
You have claws for hands.
Your natural rate of healing is unusually fast.
You are covered in fur. (AC +1)
You have tough skin. (AC +1)


Message History

The bolt of poison hits you!!
You are more poisoned.
You claw Aizul!
Aizul is moderately wounded.
You feel very sick. Aizul barely misses you. You block Aizul's attack.
You mangle Aizul!!
Aizul is severely wounded.
You feel very sick.
Aizul says, "I wasn't actually sleeping!"
You block Aizul's attack.
You scratch Aizul.
Aizul is severely wounded.
You feel very sick. Aizul hits you!
You barely miss Aizul.
Aizul is severely wounded.
You feel very sick. Aizul hits you but does no damage.
You barely miss Aizul.
Aizul is severely wounded.
You feel sick. Aizul hits you. Aizul casts a spell at you.
The bolt of poison hits you!!
You are more poisoned.
* * * LOW HITPOINT WARNING * * *
Unknown command.
You miss Aizul.
Aizul is severely wounded.
You feel very sick. Aizul hits you!
* * * LOW HITPOINT WARNING * * *
Unknown command.
Unknown command.
You feel better. Aizul hits you.
* * * LOW HITPOINT WARNING * * *
Aizul casts a spell at you. The bolt of poison hits you!!
You are poisoned.
You die...

▓.....)......).)).......
▓▓▓▓▓▓▓▓▓▓▓▓▓▓▓▓▓▓▓▓▓▓▓▓
▓.........'.....∩)∩.∩.∩.
▓.▓▓▓▓▓▓▓▓▓▓▓▓▓▓▓▓▓▓▓▓▓▓
▓...........)........)..
▓▓▓▓▓▓▓▓▓▓▓▓▓▓▓▓▓▓▓▓▓▓▓▓
▓.........'....)........
▓.▓▓▓▓▓▓▓▓▓▓▓▓▓▓▓▓▓▓▓▓▓▓
▓......@S......,,,,,,,,,
▓▓▓▓▓▓▓▓▓▓▓▓▓▓♣*********
*,,,,,,,,,,,,+,,,,,,,,,+
*,**********************
*,,,,,,,,,,,,,,,,,,,,,,,
************************
*,,,,,,,,,+,,,,,,,,,,,,,
*,**********************
*,,,,,,,,,,,,,,,,,,,,,,,


You could see Aizul.

Vanquished Creatures
  Gastronok (D)
  A fire giant (D)
  2 stone giants (D)
  A very ugly thing (D)
  An ettin (D)
  A rakshasa (D)
  Harold (D)
  An ogre mage (D)
  2 hydras (D)
  An ice dragon (D)
  A centaur warrior (D)
  4 two-headed ogres (D)
  A tengu warrior (D)
  A boulder beetle (D)
  An orc high priest (D)
  4 orc knights (D)
  2 ugly things (D)
  A manticore (D)
  An elephant (D)
  Joseph (D)
  A cane toad (D)
  Psyche (D)
  A yaktaur (D)
  2 komodo dragons (D)
  A rime drake (D)
  4 tyrant leeches (D)
  A dream sheep (D)
  A blink frog (D)
  3 yaks (D)
  A wyvern (D)
  A basilisk (D)
  2 vampire mosquitoes (D)
  An acid dragon (D)
  4 water moccasins (D)
  A black bear (D)
  11 orc warriors (D)
  3 ogres (D)
  A kobold brigand (D)
  3 bullfrogs (D)
  A killer bee (D)
  6 orc priests (D)
  A jelly (D)
  An iguana (D)
  An orc wizard (D)
  An adder (D)
  A shadow imp (D)
  5 orcs (D)
  A goblin (D)
  A jackal (D)
  A quokka (D)
  A ball python (D)
  A rat (D)
94 creatures vanquished.

Vanquished Creatures (collateral kills)
  3 ogre magi (D)
  2 two-headed ogres (D)
  A skeletal warrior (D)
  2 unseen horrors (D)
  An ogre (D)
  A centaur (D)
10 creatures vanquished.

Vanquished Creatures (others)
  An unseen horror (D)
1 creature vanquished.

Grand Total: 105 creatures vanquished

Notes
Turn   | Place    | Note
-------+----------+-------------------------------------------
     0 | D        | sircluck the Troll Berserker began the quest for the Orb.
     0 | D        | Reached XP level 1. HP: 22/22 MP: 0/0
     8 | D        | Reached ** piety under Trog
    19 | D        | Noticed an iguana
    19 | D        | Noticed a jelly
    19 | D        | Noticed an orc priest
    38 | D        | Reached skill level 4 in Unarmed Combat
    38 | D        | Reached XP level 2. HP: 31/31 MP: 1/1
    39 | D        | Reached *** piety under Trog
    40 | D        | Reached XP level 3. HP: 39/39 MP: 2/2
    42 | D        | Reached skill level 5 in Unarmed Combat
    44 | D        | Reached XP level 4. HP: 49/49 MP: 3/3
    47 | D        | Reached skill level 5 in Fighting
    47 | D        | Reached skill level 5 in Dodging
    47 | D        | Reached skill level 6 in Unarmed Combat
    60 | D        | Found a snail-covered altar of Cheibriados.
    60 | D        | Found a shadowy altar of Dithmenos.
    60 | D        | Found a white marble altar of Elyvilon.
    60 | D        | Found a blossoming altar of Fedhas.
    60 | D        | Found an opulent altar of Gozag.
    61 | D        | Found a hazy altar of Hepliaklqana.
    62 | D        | Found a viscous altar of Jiyva.
    63 | D        | Found an ancient bone altar of Kikubaaqudgha.
    64 | D        | Found a corrupted altar of Lugonu.
    65 | D        | Found a burning altar of Makhleb.
    66 | D        | Found a sparkling altar of Nemelex Xobeh.
    67 | D        | Found an iron altar of Okawaru.
    68 | D        | Found a stormy altar of Qazlal.
    69 | D        | Found a sacrificial altar of Ru.
    70 | D        | Found a shimmering blue altar of Sif Muna.
    71 | D        | Found a bloodstained altar of Trog.
    72 | D        | Found a hide-covered altar of Uskayaw.
    73 | D        | Found a radiant altar of Vehumet.
    74 | D        | Found an ornate altar of the Wu Jian Council.
    75 | D        | Found a shimmering altar of Xom.
    76 | D        | Found a basalt altar of Yredelemnul.
    77 | D        | Found a glowing silver altar of Zin.
    78 | D        | Found a glowing golden altar of the Shining One.
   108 | D        | Noticed a kobold brigand
   108 | D        | Noticed a two-headed ogre
   108 | D        | Noticed an acid dragon
   108 | D        | Noticed a yak
   108 | D        | Noticed a yak
   117 | D        | Killed a yak
   117 | D        | Reached **** piety under Trog
   118 | D        | Reached skill level 7 in Unarmed Combat
   118 | D        | Reached XP level 5. HP: 42/61 MP: 4/4
   129 | D        | Killed a yak
   130 | D        | Reached skill level 8 in Unarmed Combat
   130 | D        | Reached XP level 6. HP: 16/71 MP: 5/5
   179 | D        | Killed a two-headed ogre
   180 | D        | Reached skill level 10 in Unarmed Combat
   180 | D        | Reached XP level 7. HP: 48/83 MP: 6/6
   183 | D        | Reached XP level 8. HP: 50/92 MP: 7/7
   263 | D        | Noticed a skeletal warrior
   263 | D        | Noticed a boulder beetle
   271 | D        | Killed a boulder beetle
   271 | D        | Reached ***** piety under Trog
   272 | D        | Reached skill level 10 in Fighting
   272 | D        | Reached skill level 10 in Dodging
   272 | D        | Reached skill level 11 in Unarmed Combat
   284 | D        | Killed a skeletal warrior
   285 | D        | Reached skill level 12 in Unarmed Combat
   285 | D        | Reached XP level 9. HP: 21/102 MP: 8/8
   288 | D        | Killed an unseen horror
   289 | D        | Killed an unseen horror
   290 | D        | Reached skill level 13 in Unarmed Combat
   291 | D        | Killed an unseen horror
   480 | D        | Noticed a komodo dragon
   490 | D        | Noticed an elephant
   491 | D        | Killed a komodo dragon
   528 | D        | Killed an elephant
   529 | D        | Reached XP level 10. HP: 71/115 MP: 9/9
   531 | D        | Reached skill level 14 in Unarmed Combat
   583 | D        | Noticed a four-headed hydra
   588 | D        | Killed an eight-headed hydra
   588 | D        | Received a gift from Trog
   592 | D        | Noticed a five-headed hydra
   607 | D        | Killed a nine-headed hydra
   607 | D        | Reached ****** piety under Trog
   608 | D        | Reached skill level 15 in Unarmed Combat
   608 | D        | Received a gift from Trog
   669 | D        | Noticed a cane toad
   694 | D        | Killed a cane toad
   695 | D        | Reached XP level 11. HP: 66/127 MP: 10/10
   696 | D        | Received a gift from Trog
   758 | D        | Found Cypute's Jewellery Shop.
   758 | D        | Found Usidatus's Assorted Antiques.
   758 | D        | Found Aluixes's Jewellery Shop.
   758 | D        | Found Siyruof's General Store.
   758 | D        | Noticed Harold
   758 | D        | Noticed a two-headed ogre
   758 | D        | Noticed a two-headed ogre
   758 | D        | Noticed a two-headed ogre
   758 | D        | Noticed an ogre mage
   758 | D        | Noticed an ogre mage
   802 | D        | Killed Harold
   857 | D        | Noticed Joseph
   864 | D        | Killed Joseph
   865 | D        | Reached skill level 16 in Unarmed Combat
   915 | D        | Received a gift from Trog
   921 | D        | Noticed an orc high priest
   933 | D        | Killed an orc high priest
   938 | D        | Identified the +9 scimitar of Distant Shores {antimagic,
                  | rN+ Str+4 Int-3} (Trog gifted it to you in the Dungeon)
   938 | D        | Received a gift from Trog
   972 | D        | Noticed an orc knight
   976 | D        | Noticed an orc knight
   987 | D        | HP: 3/130 [orc knight/+0 great mace (29)]
  1083 | D        | Killed an orc knight
  1153 | D        | Killed an orc knight
  1166 | D        | Received a gift from Trog
  1247 | D        | Noticed an ogre mage
  1247 | D        | Noticed a two-headed ogre
  1247 | D        | Noticed a two-headed ogre
  1247 | D        | Noticed an ogre mage
  1250 | D        | Killed an ogre mage
  1251 | D        | Reached skill level 17 in Unarmed Combat
  1253 | D        | Killed a two-headed ogre
  1253 | D        | Received a gift from Trog
  1256 | D        | Killed a two-headed ogre
  1257 | D        | Reached skill level 15 in Fighting
  1260 | D        | Killed an ogre mage
  1263 | D        | Killed an ogre mage
  1264 | D        | Reached skill level 15 in Dodging
  1267 | D        | Received a gift from Trog
  1294 | D        | Paralysed by an ogre mage for 3 turns
  1319 | D        | Paralysed by something for 3 turns
  1322 | D        | Killed an ogre mage
  1354 | D        | Killed a two-headed ogre
  1355 | D        | Reached skill level 18 in Unarmed Combat
  1355 | D        | Reached XP level 12. HP: 90/143 MP: 11/11
  1360 | D        | Killed a two-headed ogre
  1363 | D        | Killed a two-headed ogre
  1364 | D        | Received a gift from Trog
  1491 | D        | Bought a scroll labelled CEVOUPAFET for 23 gold pieces
  1501 | D        | Acquired a manual of Dodging
  1570 | D        | Noticed Gastronok
  1571 | D        | Noticed Psyche
  1581 | D        | Killed Gastronok
  1583 | D        | Killed Psyche
  1696 | D        | Noticed a tengu warrior
  1699 | D        | Killed a tengu warrior
  1699 | D        | Noticed a centaur warrior
  1700 | D        | Reached skill level 1 in Armour
  1700 | D        | Reached skill level 1 in Shields
  1708 | D        | Noticed an ice dragon
  1714 | D        | Received a gift from Trog
  1715 | D        | Noticed a fire giant
  1725 | D        | HP: 5/144 [orc knight/+1 halberd of freezing (25)]
  1725 | D        | HP: 2/144 [orc knight/+1 halberd of freezing (3)]
  1872 | D        | Killed an ice dragon
  1889 | D        | Killed a centaur warrior
  1890 | D        | Reached skill level 19 in Unarmed Combat
  1904 | D        | Killed a fire giant
  1904 | D        | Received a gift from Trog
  2044 | D        | Noticed a rakshasa
  2066 | D        | Killed a rakshasa
  2086 | D        | Noticed a stone giant
  2093 | D        | Killed a stone giant
  2106 | D        | Noticed a green very ugly thing
  2119 | D        | Killed a green very ugly thing
  2120 | D        | Reached skill level 5 in Shields
  2236 | D        | Noticed a stone giant
  2237 | D        | Noticed an ettin
  2246 | D        | Killed a stone giant
  2247 | D        | Reached skill level 5 in Armour
  2252 | D        | Killed an ettin
  2253 | D        | Reached XP level 13. HP: 154/154 MP: 12/12
  2322 | D        | Identified the serpent talisman of Moral Flaws {+Blink rF+
                  | Int-3}
  2322 | D        | Noticed Aizul
  2338 | D        | Killed from afar by Aizul

Illustrated notes

Levels and vault maps discovered:
D:        linesprint [early_d, line_temple, items_1, d_10, items_2, lair_1,
          lair_end, items_3, orc_1, orc_end, items_4, d_15, swamp_1, shoals_1,
          snake_1, spider_1, d_20, vaults_1, items_5, swamp_end, shoals_end,
          snake_end, spider_end, vaults_end, d_27, items_6, zot_1, zot_end,
          crypt_end, forest_end, elf_end, slime_end, tomb_end, abyss_end,
          pan_hell_end]

Skill      XL: |  1  2  3  4  5  6  7  8  9 10 11 12 |
---------------+-------------------------------------+-----
Fighting       | 3 4 6 7 9 10 12 13 15 16 | 16.8
Dodging        | 3 4 6 7 8 9 10 11 13 15 17 | 17.5
Unarmed Combat | 4 5 7 8 10 12 13 15 18 19 | 19.4
Armour         | 5 |  5.2
Shields        | 5 |  5.8

Action                     |  1- 3 |  4- 6 |  7- 9 | 10-12 | 13-15 || total
---------------------------+-------+-------+-------+-------+-------++-------
  Melee: Unarmed           |    19 |    15 |    50 |   236 |    13 ||   333
         Punch             |       |     1 |     3 |    17 |       ||    21
 Invoke: Berserk           |     1 |       |       |     2 |       ||     3
         Brothers in Arms  |       |     1 |     2 |     2 |       ||     5
    Use: Scroll            |       |       |       |     3 |       ||     3
         Potion            |       |       |       |       |     1 ||     1
 Armour: Animal skin       |     4 |    10 |    37 |    69 |       ||   120
         Ice dragon scales |       |       |       |    46 |    11 ||    57
  Dodge: Dodged            |     6 |     5 |    19 |    81 |     1 ||   112
  Block: Tower shield      |       |       |       |    41 |     7 ||    48

Table legend: (Time is in decaauts)
 A = Elapsed time spent in this place.
 B = Non-inter-level travel time spent in this place.
 C = Inter-level travel time spent in this place.
 D = Time resting spent in this place.
 E = Time spent auto-exploring this place.
 F = Levels seen in this place.
 G = Mean time per level.
                   A        B        C        D        E       F      G
               +--------+--------+--------+--------+--------+-----+--------+
         Total |   2289 |   2289 |      0 |    358 |    363 |   1 | 2289.0 |
       Dungeon |   2289 |   2289 |      0 |    358 |    363 |   1 | 2289.0 |
               +--------+--------+--------+--------+--------+-----+--------+

Top non-repeatable levels by time:
       D: 2289 daAuts
